 Dungeon Crawl Stone Soup version 0.21.1-1-g345015f (webtiles) character file.

3399 Blarg the Basher (level 9, -13/79 HPs)
             Began as a Minotaur Berserker on June 23, 2018.
             Was a High Priest of Trog.
             Mangled by a two-headed ogre
             ... wielding a +0 giant club
              (21 damage)
             ... on level 8 of the Dungeon.
             The game lasted 00:29:25 (5924 turns).

Blarg the Basher (Minotaur Berserker)               Turns: 5924, Time: 00:29:27

Health: -13/79     AC: 13    Str: 24    XL:     9   Next: 75%
Magic:  8/8        EV:  6    Int:  4    God:    Trog [*****.]
Gold:   353        SH:  9    Dex: 13    Spells: 8/8 levels left

rFire    . . .     SeeInvis .   u - +7 mace (freeze)
rCold    . . .     Gourm    .   x - +0 shield (curse)
rNeg     . . .     Faith    .   t - +0 plate armour
rPois    +         Spirit   .   (helmet restricted)
rElec    .         Reflect  .   (no cloak)
rCorr    .         Harm     .   (no gloves)
MR       .....                  (no boots)
Stlth    ..........             (no amulet)
HPRegen  0.23/turn              f - +2 ring of strength
MPRegen  0.11/turn              q - ring of poison resistance

@: no status effects
A: retaliatory headbutt, horns 2
a: Berserk, Trog's Hand, Brothers in Arms, Burn Spellbooks, Renounce Religion


You were on level 8 of the Dungeon.
You worshipped Trog.
Trog was extremely pleased with you.
You were not hungry.

You visited 1 branch of the dungeon, and saw 8 of its levels.

You collected 353 gold pieces.

Inventory:

Hand Weapons
 a - a +0 mace
 u - a +7 mace of freezing (weapon)
 C - a +1 quarterstaff of crushing
Missiles
 g - 197 stones
 A - 4 tomahawks (quivered)
Armour
 l - a +2 buckler
 p - a +0 leather armour of poison resistance
 t - a +0 plate armour (worn)
 x - a cursed +0 shield (worn)
Jewellery
 b - an uncursed ring of protection from fire
 f - a +2 ring of strength (left hand)
 i - an uncursed ring of stealth
 q - a ring of poison resistance (right hand)
 w - an uncursed ring of flight
Wands
 m - a wand of scattershot (7)
 v - a wand of enslavement (15)
 y - a wand of random effects (16)
Scrolls
 e - 3 scrolls of remove curse
 o - a scroll of fear
 D - 2 scrolls of teleportation
 E - a scroll of enchant weapon
Potions
 d - a potion of haste
 h - 2 potions of might
 j - a potion of heal wounds
 k - 7 potions of lignification
 n - a potion of agility {unknown}
 r - a potion of brilliance {unknown}
 s - a potion of flight {unknown}
 z - a potion of curing {unknown}
Comestibles
 c - 10 rations
 B - 18 chunks of flesh


   Skills:
 + Level 7.0 Fighting
 + Level 9.6 Maces & Flails
 + Level 6.6 Throwing
 + Level 8.5 Armour
 + Level 4.2 Dodging
 + Level 0.9 Stealth
 + Level 2.9 Shields


You had 8 spell levels left.
You didn't know any spells.

Dungeon Overview and Level Annotations

Branches:
Dungeon (8/15)             Temple (0/1) D:4
   Lair: D:8-11

Altars:
Ashenzari

Shops:
D:6 =


Innate Abilities, Weirdness & Mutations

You reflexively headbutt those who attack you in melee.
You have a pair of horns on your head.


Message History

You hit the iguana.
The iguana seems to slow down.
You freeze the iguana. You headbutt the iguana!
The iguana is almost dead.
The iguana bites you.
You sock the iguana!
The iguana seems to slow down.
You freeze the iguana.
You kill the iguana!
Trog accepts your kill.
A two-headed ogre comes into view. It is wielding two giant clubs.
The two-headed ogre shouts in stereo!
You sock the two-headed ogre! You freeze the two-headed ogre.
You headbutt the two-headed ogre.
The two-headed ogre is moderately wounded.
The two-headed ogre hits you with a giant club!! x2
You sock the two-headed ogre! You freeze the two-headed ogre.
You headbutt the two-headed ogre!
The two-headed ogre is severely wounded.
The two-headed ogre hits you with a giant club!!
* * * LOW HITPOINT WARNING * * *
The two-headed ogre hits you with a giant club!!
You die...

#. #.# #. #.. #. #.# #.
###.. #.##.# ####. !..#
#....###.... #..# #
#.......#... #..# #.
#..######... #..#
#.##..######...
#..####........##≈)..
#...@O......####≈≈..≈
#..#######..# #≈≈..≈
#...........####≈≈...
##.########....#≈≈≈..
######.########.#####≈≈≈.
.................######.≈.
#########.####.......##..≈
#.# #.#.######... #.#
#.#..........


You could see a two-headed ogre.

Vanquished Creatures
  Pikel (D:6)
  Grinder (D:5)
  Eustachio (D:4)
  2 sky beasts
  A water moccasin (D:7)
  A black bear (D:6)
  2 phantoms
  2 orc warriors (D:6)
  4 ogres
  A centaur (D:8)
  A gnoll sergeant (D:7)
  A scorpion (D:5)
  A water moccasin skeleton (D:6)
  4 wights
  2 howler monkeys (D:4)
  2 electric eels
  5 orc priests
  4 hounds
  A bullfrog skeleton (D:6)
  3 iguanas
  5 orc wizards
  A killer bee zombie (D:5)
  6 worker ants
  A hound skeleton (D:4)
  3 gnolls (D:7)
  A howler monkey skeleton (D:5)
  12 adders
  3 shadow imps
  An ooze (D:3)
  An adder skeleton (D:4)
  4 worms
  3 dart slugs
  2 leopard geckos
  17 orcs
  3 ball pythons
  6 giant cockroaches
  6 goblins
  7 hobgoblins
  8 jackals
  5 quokkas
  5 bats
  7 frilled lizards
  5 kobolds
  2 quokka skeletons
  9 rats
163 creatures vanquished.

Vanquished Creatures (others)
  Menkaure (D:6)
  3 slaves (D:6)
  2 wights (D:6)
  A centaur zombie (D:6)
7 creatures vanquished.

Grand Total: 170 creatures vanquished

Notes
Turn   | Place    | Note
-------+----------+-------------------------------------------
     0 | D:1      | Blarg the Minotaur Berserker began the quest for the Orb.
     0 | D:1      | Reached XP level 1. HP: 19/19 MP: 0/0
   645 | D:1      | Found a shattered altar of Ashenzari.
   653 | D:1      | Reached XP level 2. HP: 24/27 MP: 1/1
  1049 | D:2      | Reached skill level 4 in Maces & Flails
  1142 | D:2      | Reached ** piety under Trog
  1142 | D:2      | Reached XP level 3. HP: 31/33 MP: 2/2
  1359 | D:2      | Reached XP level 4. HP: 40/41 MP: 3/3
  1469 | D:2      | You fall through a shaft!
  2067 | D:3      | Reached skill level 1 in Throwing
  2517 | D:4      | Reached skill level 5 in Maces & Flails
  2517 | D:4      | Reached XP level 5. HP: 43/47 MP: 4/4
  2564 | D:4      | Found a staircase to the Ecumenical Temple.
  2689 | D:4      | Noticed Eustachio
  2690 | D:4      | Reached *** piety under Trog
  2694 | D:4      | Noticed an ogre
  2709 | D:4      | Killed Eustachio
  2709 | D:4      | Reached XP level 6. HP: 26/53 MP: 5/5
  2778 | D:4      | Reached XP level 7. HP: 22/60 MP: 6/6
  3164 | D:5      | Entered Level 5 of the Dungeon
  3178 | D:5      | Reached skill level 6 in Maces & Flails
  3279 | D:5      | Reached skill level 5 in Fighting
  3279 | D:5      | Reached skill level 5 in Armour
  3354 | D:5      | Reached skill level 1 in Shields
  3418 | D:5      | Noticed Grinder
  3438 | D:5      | Killed Grinder
  3438 | D:5      | Reached XP level 8. HP: 46/68 MP: 7/7
  3532 | D:5      | Reached skill level 7 in Maces & Flails
  3550 | D:5      | Got a heavily runed buckler
  3561 | D:5      | Identified the cursed -8 buckler "Bieppeyx" {rElec} (You found it on level 5 of the Dungeon)
  3628 | D:5      | Reached skill level 5 in Throwing
  3929 | D:6      | Reached **** piety under Trog
  3935 | D:6      | Noticed Pikel
  3951 | D:6      | HP: 5/103 [slave[Pikel] (4)]
  3952 | D:6      | Killed Pikel
  3952 | D:6      | Reached skill level 8 in Maces & Flails
  4154 | D:6      | Killed Menkaure
  4181 | D:6      | Found Ussioshro's Jewellery Boutique.
  4193 | D:6      | Reached XP level 9. HP: 61/75 MP: 8/8
  4612 | D:6      | Received a gift from Trog
  5125 | D:7      | Reached skill level 9 in Maces & Flails
  5785 | D:8      | Reached ***** piety under Trog
  5920 | D:8      | Noticed a two-headed ogre
  5924 | D:8      | Mangled by a two-headed ogre

Skill      XL: |  1  2  3  4  5  6  7  8  9 |
---------------+----------------------------+-----
Fighting       | 4 5 7 |  7.0
Maces & Flails | 4 5 6 8 9 |  9.6
Armour         | 3 4 5 7 8 |  8.5
Throwing       | 1 3 4 5 6 |  6.6
Dodging        | 3 4 |  4.2
Shields        | 1 2 |  2.9
Stealth        | |  0.9

Action                   |  1- 3 |  4- 6 |  7- 9 || total
-------------------------+-------+-------+-------++-------
Melee: Mace              |    67 |    91 |   223 ||   381
       Headbutt          |    14 |    18 |    50 ||    82
Throw: Stone             |    49 |    86 |   148 ||   283
       Tomahawk          |       |       |     4 ||     4
Invok: Burn Spellbooks   |     1 |       |     1 ||     2
       Berserk           |       |     1 |     4 ||     5
  Use: Scroll            |     4 |     7 |    11 ||    22
 Stab: Sleeping          |     1 |       |       ||     1
  Eat: Chunk             |     1 |     6 |    14 ||    21
Armor: Ring mail         |     3 |       |       ||     3
       Chain mail        |    23 |    48 |    80 ||   151
       Animal skin       |     1 |       |       ||     1
       Plate armour      |       |       |    15 ||    15
Dodge: Dodged            |    22 |    42 |   103 ||   167
Block: Buckler           |     1 |    11 |    34 ||    46
       Shield            |       |       |    13 ||    13
